 Dungeon Crawl Stone Soup version 0.17-a0-1442-g10bb59b (webtiles) character file.

175 Kidiri the Magician (level 5, 0/39 HPs)
             Began as a Human Wanderer on June 27, 2015.
             Succumbed to a worker ant's poison
             ... on level 3 of the Dungeon.
             The game lasted 00:16:38 (3486 turns).

Kidiri the Magician (Human Wanderer)                Turns: 3486, Time: 00:16:38

Health: 0/39       AC:  5    Str: 13    XL:     5   Next: 85%
Magic:  2/10       EV: 10    Int: 16    God:
Gold:   242        SH:  0    Dex: 11    Spells: 2 memorised, 4 levels left

rFire  . . .     SeeInvis .     a - +2 spear
rCold  . . .     Clarity  .     m - +1 leather armour
rNeg   + . .     SustAt   .     (no shield)
rPois  .         Gourm    .     q - +0 helmet (curse)
rElec  .         Spirit   +     (no cloak)
rCorr  .         Warding  .     (no gloves)
rMut   .         Stasis   .     (no boots)
MR     .....                    e - amulet of guardian spirit
Stlth  ++........               r - +2 ring of strength
                                p - ring of positive energy

@: lethally poisoned (0 -> -16), about to teleport, not resistant to hostile
enchantments, unstealthy
A: no striking features
a: no special abilities


You were on level 3 of the Dungeon.
You were not hungry.

You visited 1 branch of the dungeon, and saw 4 of its levels.

You collected 242 gold pieces.

Inventory:

Hand weapons
 a - a +2 spear (weapon)
Armour
 m - a +1 leather armour (worn)
 q - a cursed +0 helmet (worn)
Jewellery
 e - an amulet of guardian spirit (around neck)
 o - an uncursed amulet of faith
 p - a ring of positive energy (left hand)
 r - a +2 ring of strength (right hand)
Scrolls
 b - a scroll of teleportation
 j - 6 scrolls of remove curse
 l - a scroll of magic mapping
 s - a scroll of noise
Potions
 c - 3 potions of lignification
 n - a potion of might
 t - 2 potions of cure mutation {unknown}
 u - a potion of brilliance {unknown}
Books
 d - a book of Transfigurations

   Spells                             Type                      Level
   a - Stoneskin                      Transmutation/Earth          2
   b - Irradiate                      Conjuration/Transmutation    5
   c - Statue Form                    Transmutation/Earth          6
   d - Hydra Form                     Transmutation                6
   e - Dragon Form                    Transmutation                7
Comestibles
 f - 2 bread rations
 g - a royal jelly
 v - 3 chunks of flesh


   Skills:
 + Level 2.7 Fighting
 * Level 2.4 Polearms
 + Level 1.9 Armour
 + Level 3.1 Stealth
   Level 1.0 Shields
 * Level 3.6 Spellcasting
 + Level 0.0 Conjurations
   Level 1.0 Hexes
   Level 1.0 Necromancy
 + Level 0.2 Transmutations
 + Level 0.2 Earth Magic


You had 4 spell levels left.
You knew the following spells:

 Your Spells              Type           Power        Failure   Level  Hunger
a - Stoneskin             Trmt/Erth      #.......     34%         2    ##.....
b - Irradiate             Conj/Trmt      #.........   100%        5    ######.


Dungeon Overview and Level Annotations

Branches:
Dungeon (4/15)
 Temple: D:4-7

Altars:
Cheibriados
Sif Muna
Xom


Message History

You feel sick.
There is a stone staircase leading up here.
* * * LOW HITPOINT WARNING * * *
You feel sick.
The worker ant bites you but does no damage.
You climb upwards.
* * * LOW HITPOINT WARNING * * *
You feel sick.
There is a stone staircase leading down here.
The worker ant waves its antennae.
The worker ant closely misses you.
Read which item? (? for menu, Esc to quit)
As you read the scroll of teleportation, it crumbles to dust.
You feel strangely unstable.
* * * LOW HITPOINT WARNING * * *
You feel sick. The worker ant bites you.
* * * LOW HITPOINT WARNING * * *
You are more poisoned.
The worker ant poisons you!
You die...

........#)#
#.#####..#.#.#.###.#
#.#######)# #........#..[#.#
#.# #.# #)# #..#####.#.###.#
#.# #.# #.# #...# #.#...#.#
#.# ..##### #.# ##..#
#.#.#.#.# #.# ......# #.# #..#
#.#...#.# #.# ..###.# #.#
#.a####.#####.# #.. ..# #.#
#.#####.......### #.# ###
..###.# #.......@....!..# #.#
..#...##########......#####.##
## .......# #......# #....# #.
##.....# #####......# #....#
#. .......#####..........#
#....# #.
.........).#.####.....# ###.##
#. ...##.#.##.#.# #.....# #.#
#. ...##......#.####>....# #.#
#. ...####.###.....####### #.#
#.


You could see a worker ant.

Vanquished Creatures
  A hound (D:4)
  Jessica (D:2)
  Robin (D:3)
  3 adders
  2 worms
  A giant gecko (D:4)
  3 giant cockroaches
  13 hobgoblins
  13 kobolds
  2 quokkas (D:3)
  A ball python (D:2)
  4 bats
  3 giant newts
  19 goblins
  8 rats
75 creatures vanquished.

Notes
Turn   | Place    | Note
--------------------------------------------------------------
     0 | D:1      | Kidiri the Human Wanderer began the quest for the Orb.
     0 | D:1      | Kidiri set off with: a +2 spear, a scroll of teleportation, a potion of lignification, a +0 robe, a +0 dagger, a bread ration
     0 | D:1      | Reached XP level 1. HP: 16/16 MP: 4/4
    84 | D:1      | Reached XP level 2. HP: 20/22 MP: 6/6
  1062 | D:1      | Reached skill level 1 in Armour
  1062 | D:1      | Reached XP level 3. HP: 27/27 MP: 7/7
  1182 | D:1      | Reached skill level 1 in Polearms
  1700 | D:2      | Noticed Jessica
  1704 | D:2      | Killed Jessica
  1704 | D:2      | Reached XP level 4. HP: 32/34 MP: 8/8
  2483 | D:3      | Noticed Robin
  2504 | D:3      | Reached XP level 5. HP: 35/39 MP: 10/10
  2536 | D:3      | Killed Robin
  2928 | D:3      | Found a shimmering altar of Xom.
  2940 | D:3      | Found a shimmering altar of Xom.
  2940 | D:3      | Found a shimmering altar of Xom.
  2940 | D:3      | Found a shimmering altar of Xom.
  2941 | D:3      | Found a shimmering altar of Xom.
  2941 | D:3      | Found a shimmering altar of Xom.
  2943 | D:3      | Found a shimmering altar of Xom.
  3245 | D:3      | Learned a level 2 spell: Stoneskin
  3351 | D:4      | Found a snail-covered altar of Cheibriados.
  3352 | D:4      | Found a deep blue altar of Sif Muna.
  3384 | D:4      | Learned a level 5 spell: Irradiate
  3442 | D:4      | Noticed a phantom
  3486 | D:3      | Succumbed to a worker ant's poison

Vault maps used:
D:1:      dpeg_arrival_yet_another_circle, minmay_cupped
D:2:      uniq_jessica
D:3:      hangedman_decor_peaks_small, xom_redecorated, uniq_robin
D:4:      overflow_temple_1_default, cheibriados_altar_1, grunt_gozag_statues,
          lemuel_coloured_pillars_altar, tgw_fedhas

Action                   |  1- 3 |  4- 6 || total
-------------------------+-------+-------++-------
Melee: Spear             |   100 |   161 ||   261
  Use: Scroll            |     3 |    10 ||    13
       Potion            |       |     2 ||     2
 Stab: Sleeping          |     8 |     6 ||    14
  Eat: Meat ration       |     1 |     1 ||     2
       Chunk             |     1 |     1 ||     2
